 Dungeon Crawl Stone Soup version 0.21-a0-348-ga060c75 (webtiles) character file.

5544 vishdafish the Spear-Bearer (level 10, 0/77 HPs)
             Began as a Demonspawn Skald on Oct 6, 2017.
             Was a Priest of Nemelex Xobeh.
             Slain by a komodo dragon (13 damage)
             ... on level 1 of the Lair of Beasts.
             The game lasted 00:25:52 (11299 turns).

vishdafish the Spear-Bearer (Demonspawn Skald)     Turns: 11299, Time: 00:25:52

Health: 0/77       AC: 12    Str: 12    XL:     10   Next: 43%
Magic:  14/14      EV: 16    Int: 17    God:    Nemelex Xobeh [***...]
Gold:   352        SH:  2    Dex: 18    Spells: 12/15 levels left

rFire    . . .     SeeInvis +   r - +0 trident
rCold    + + .     Gourm    .   (no shield)
rNeg     + . .     Faith    .   s - +2 leather armour of Mezcal {rC+ Dex+5 SInv}
rPois    .         Spirit   .   l - +2 helmet
rElec    .         Reflect  +   (no cloak)
rCorr    +         Harm     .   (no gloves)
MR       .....                  (no boots)
Stlth    +.........             C - +2 amulet of reflection
HPRegen  0.22/turn              i - ring of positive energy
MPRegen  0.14/turn              (no ring)

@: very slightly contaminated
A: yellow scales 3, cold resistance 1, powered by death 2, freezing cloud
immunity
a: Triple Draw, Renounce Religion


You were on level 1 of the Lair of Beasts.
You worshipped Nemelex Xobeh.
Nemelex Xobeh was most pleased with you.
You were not hungry.

You visited 3 branches of the dungeon, and saw 12 of its levels.

You collected 456 gold pieces.
You spent 104 gold pieces at shops.

Inventory:

Hand Weapons
 r - a +0 trident (weapon)
Armour
 k - a +0 troll leather armour
 l - a +2 helmet (worn)
 s - the +2 leather armour of Mezcal (worn) {rC+ Dex+5 SInv}
   (You found it on level 5 of the Dungeon)

   It affects your dexterity (+5).
   It protects you from cold.
   It lets you see invisible.
Jewellery
 i - a ring of positive energy (left hand)
 C - a +2 amulet of reflection (around neck)
 M - the ring "Netzan" {-Tele rElec MR- Str+5 SInv}
   (You found it on level 8 of the Dungeon)

   [ring of strength]

   It affects your strength (+5).
   It insulates you from electricity.
   It affects your resistance to hostile enchantments.
   It lets you see invisible.
   It prevents most forms of teleportation.
Wands
 x - a wand of disintegration (0/24)
 D - a wand of iceblast (5/15)
 E - a wand of random effects (33/48)
 H - a wand of polymorph (14/24)
Scrolls
 a - a scroll of fog {unknown}
 b - 3 scrolls of remove curse {unknown}
 n - 2 scrolls of enchant weapon {unknown}
 o - 3 scrolls of amnesia {unknown}
 q - a scroll of recharging {unknown}
 v - a scroll of blinking {unknown}
 y - a scroll of immolation {unknown}
 G - a scroll of silence
 I - a scroll of magic mapping {unknown}
 O - a scroll of enchant armour {unknown}
Potions
 e - 2 potions of resistance
 j - 3 potions of mutation
 m - 3 potions of cancellation
 p - 2 potions of flight
 t - a potion of magic
 u - a potion of agility
 w - 3 potions of haste
 z - 3 potions of invisibility
 B - a potion of curing
 K - a potion of experience
 P - 2 potions of brilliance
Books
 c - a book of Battle

   Spells                             Type                      Level
   a - Infusion                       Charms                       1
   b - Shroud of Golubria             Charms/Translocation         2
   c - Song of Slaying                Charms                       2
   d - Spectral Weapon                Hexes/Charms                 3
   e - Regeneration                   Charms/Necromancy            3
 N - a book of Frost

   Spells                             Type                      Level
   a - Freeze                         Ice                          1
   b - Throw Frost                    Conjuration/Ice              2
   c - Ozocubu's Armour               Charms/Ice                   3
   d - Throw Icicle                   Conjuration/Ice              4
   e - Summon Ice Beast               Ice/Summoning                4
Comestibles
 d - 7 bread rations
 h - 2 meat rations
 A - a chunk of flesh
 F - 4 fruits


   Skills:
 + Level 6.5 Fighting
 * Level 8.7 Polearms
 - Level 1.0 Armour
 + Level 6.0 Dodging
 - Level 3.0 Spellcasting
 * Level 7.2 Charms
 - Level 6.0 Invocations


You had 12 spell levels left.
You knew the following spells:

 Your Spells              Type           Power        Failure   Level  Hunger
a - Infusion              Chrm           ####         1%          1    None
b - Song of Slaying       Chrm           ####....     1%          2    ##.....


Dungeon Overview and Level Annotations

Branches:
Dungeon (10/15)            Temple (1/1) D:4            Lair (1/6) D:8
    Orc: D:9-12

Altars:
Elyvilon
Fedhas
Gozag
Nemelex Xobeh
Qazlal
Ru
Trog
Uskayaw
Yredelemnul
Zin
The Shining One

Shops:
D:7 !


Innate Abilities, Weirdness & Mutations

You are completely covered in yellow scales. (AC +4, rCorr)
Your flesh is cold resistant. (rC+)
You regenerate health from kills.
You are immune to freezing clouds.


Message History

You hit the bullfrog.
The bullfrog is moderately wounded.
The bullfrog closely misses you.
You closely miss the bullfrog.
The bullfrog is moderately wounded.
You flicker back into view.
The komodo dragon hisses angrily. x2
The bullfrog hits you.
* * * LOW HITPOINT WARNING * * *
The bullfrog completely misses you.
The bullfrog hits you but does no damage.
The wolf howls!
The komodo dragon closely misses you.
The komodo dragon falls through a shaft!
The shaft crumbles and collapses.
The bullfrog closely misses you. The bullfrog hits you!
* * * LOW HITPOINT WARNING * * *
The komodo dragon bites you!
You die...
Your body disappears without a glow.

#..............
#.........l....
#..............
######..............
.
##PP#.#.......P......
..##............# ...
............#...#....
.....r.Flh..#........
.......@....#........
...................##
..#P................#
. ##..........#....##
#P...............P#
##.........P#....##
###.......##....#
........# ....
........# ...


You could see a komodo dragon, a wolf, a bullfrog and a porcupine.

Vanquished Creatures
  Pikel (D:8)
  A troll (D:9)
  A hornet (D:9)
  A hippogriff (Lair:1)
  A wraith (D:8)
  A yak (D:8)
  Eustachio (D:5)
  A hungry ghost (D:9)
  2 slaves (D:8)
  An ice beast (D:4)
  2 phantoms
  4 ogres
  A centaur (D:7)
  A wolf (D:8)
  A bullfrog (D:7)
  2 scorpions
  6 killer bees
  A howler monkey (D:7)
  4 crimson imps
  5 hounds
  4 orc priests
  3 jellies
  A centaur skeleton (D:9)
  5 iguanas
  4 orc wizards
  2 worker ants
  A killer bee zombie (D:8)
  A hound skeleton (D:5)
  6 gnolls
  15 adders
  A howler monkey skeleton (D:6)
  3 shadow imps
  2 oozes
  4 worms
  A dart slug (D:2)
  2 leopard geckos
  16 orcs
  4 ball pythons
  7 giant cockroaches
  11 hobgoblins
  3 jackals (D:1)
  8 kobolds
  7 quokkas
  11 bats
  2 frilled lizards
  7 goblins
  2 leopard gecko zombies
  A quokka zombie (D:6)
  9 rats
181 creatures vanquished.

Vanquished Creatures (collateral kills)
  2 two-headed ogres (D:8)
  A hornet (D:8)
  A hippogriff (D:7)
  4 yaks (D:8)
  Menkaure (D:7)
  An orc warrior (D:6)
  3 killer bees (D:8)
  An electric eel (D:7)
  A centaur zombie (D:7)
  A hound (D:8)
  A worker ant zombie (D:8)
  An orc (D:6)
18 creatures vanquished.

Vanquished Creatures (others)
  An orc wizard (D:8)
  3 plants (D:7)
4 creatures vanquished.

Grand Total: 203 creatures vanquished

Notes
Turn   | Place    | Note
-------+----------+-------------------------------------------
     0 | D:1      | vishdafish the Demonspawn Skald began the quest for the Orb.
     0 | D:1      | Reached XP level 1. HP: 16/16 MP: 3/3
    52 | D:1      | Reached skill level 1 in Armour
    58 | D:1      | Reached skill level 2 in Polearms
   285 | D:1      | Gained mutation: Your flesh is cold resistant. (rC+) [demonic ancestry]
   285 | D:1      | Reached XP level 2. HP: 22/22 MP: 5/5
   851 | D:1      | Gained mutation: You are partially covered in yellow scales. (AC +2) [demonic ancestry]
   851 | D:1      | Reached XP level 3. HP: 27/27 MP: 6/6
  1571 | D:2      | Gained mutation: You regenerate a little health from kills. [demonic ancestry]
  1571 | D:2      | Reached XP level 4. HP: 20/33 MP: 2/7
  2142 | D:2      | Reached skill level 3 in Polearms
  2613 | D:3      | Gained mutation: You are immune to freezing clouds. [demonic ancestry]
  2613 | D:3      | Reached XP level 5. HP: 38/39 MP: 3/9
  3949 | D:4      | Noticed a moth of wrath
  3952 | D:4      | Found a bloodstained altar of Trog.
  4045 | D:4      | Reached XP level 6. HP: 32/46 MP: 1/10
  4487 | D:4      | Noticed an ice beast
  4511 | D:4      | Killed an ice beast
  4511 | D:4      | Reached skill level 4 in Polearms
  4654 | D:4      | Found a basalt altar of Yredelemnul.
  4673 | D:4      | Gained mutation: You are mostly covered in yellow scales. (AC +3) [demonic ancestry]
  4673 | D:4      | Reached XP level 7. HP: 36/52 MP: 4/11
  4976 | D:4      | Found a staircase to the Ecumenical Temple.
  4986 | Temple   | Entered the Ecumenical Temple
  5014 | Temple   | Became a worshipper of Nemelex Xobeh the Trickster
  5307 | D:4      | Noticed a dagger
  5307 | D:4      | Noticed a dagger
  5309 | D:4      | Found a hide-covered altar of Uskayaw.
  5470 | D:5      | Entered Level 5 of the Dungeon
  5472 | D:5      | Got an ichor-stained leather armour
  5530 | D:4      | Identified the +2 leather armour of Mezcal {rC+ Dex+5 SInv} (You found it on level 5 of the Dungeon)
  5637 | D:5      | Received a gift from Nemelex Xobeh
  5642 | D:5      | Learned a level 2 spell: Song of Slaying
  5659 | D:5      | Noticed Eustachio
  5681 | D:5      | Killed Eustachio
  5681 | D:5      | Reached skill level 5 in Polearms
  5898 | D:5      | Found a sacrificial altar of Ru.
  6113 | D:5      | Gained mutation: You regenerate health from kills. [demonic ancestry]
  6113 | D:5      | Reached XP level 8. HP: 59/60 MP: 12/12
  6612 | D:6      | Found a blossoming altar of Fedhas.
  6868 | D:6      | Reached * piety under Nemelex Xobeh
  7378 | D:7      | Reached skill level 6 in Polearms
  7466 | D:7      | Noticed a hippogriff
  7473 | D:7      | Reached skill level 5 in Invocations
  7477 | D:7      | Found Mudeubus's Distillery.
  7498 | D:7      | Killed a hippogriff
  7515 | D:7      | Bought a potion of might for 52 gold pieces
  7515 | D:7      | Bought a potion of degeneration for 13 gold pieces
  7515 | D:7      | Bought a potion of lignification for 39 gold pieces
  8449 | D:7      | Noticed Menkaure
  8456 | D:7      | Killed Menkaure
  8638 | D:8      | Reached ** piety under Nemelex Xobeh
  8650 | D:8      | Reached XP level 9. HP: 67/67 MP: 13/13
  8671 | D:8      | Got a faintly glowing wooden ring
  8675 | D:8      | Identified the ring "Netzan" {-Tele rElec MR- Str+5 SInv} (You found it on level 8 of the Dungeon)
  8728 | D:8      | Reached skill level 5 in Fighting
  8773 | D:8      | Noticed a two-headed ogre
  8794 | D:8      | Killed a two-headed ogre
  8794 | D:8      | Reached skill level 7 in Polearms
  8794 | D:8      | Reached skill level 5 in Charms
  9055 | D:8      | Reached skill level 5 in Dodging
  9124 | D:8      | Found a staircase to the Lair.
  9193 | D:8      | Found an opulent altar of Gozag.
  9277 | D:8      | Received a gift from Nemelex Xobeh
  9285 | D:8      | Noticed a two-headed ogre
  9352 | D:8      | Noticed a two-headed ogre
  9359 | D:8      | Killed a two-headed ogre
  9629 | D:9      | Noticed Pikel
  9793 | D:8      | Killed Pikel
  9793 | D:8      | Reached skill level 8 in Polearms
  9793 | D:8      | Gained mutation: You are completely covered in yellow scales. (AC +4, rCorr) [demonic ancestry]
  9793 | D:8      | Reached XP level 10. HP: 42/76 MP: 14/14
  9904 | D:9      | Found a white marble altar of Elyvilon.
 10437 | D:9      | Paralysed by a hornet for 1 turns
 11007 | D:10     | Entered Level 10 of the Dungeon
 11007 | D:10     | Noticed a two-headed ogre
 11064 | Lair:1   | Entered Level 1 of the Lair of Beasts
 11088 | Lair:1   | Reached *** piety under Nemelex Xobeh
 11266 | Lair:1   | HP: 1/77 [wolf (4)]
 11299 | Lair:1   | Slain by a komodo dragon

Vault maps used:
D:1:      dpeg_arrival_round_c, hangedman_decor_points
D:4:      yredelemnul_altar_generic, dancing_weapons_uskayaw,
          minmay_temple_entry_mist, tgw_trog
D:5:      lemuel_doored_altar, first_bread, uniq_eustachio
D:6:      fedhas_altar_fruit_tree
D:7:      serial_shops, nicolae_shop_waterfront, serial_bayou_pond_c,
          minmay_misc_feat_cross, uniq_menkaure
D:8:      minmay_diamond_stairs, kennysheep_mini_moat, lair_entry_dummy
D:9:      elyvilon_altar_3, uniq_pikel
D:10:     david_orc_5, uniq_grum
Temple:   regret_index_temple_sphere_string

Skill      XL: |  1  2  3  4  5  6  7  8  9 10 |
---------------+-------------------------------+-----
Armour         | 1 |  1.0
Polearms       | 2 3 4 5 6 8 |  8.7
Dodging        | 2 3 4 5 6 |  6.0
Charms         | 3 4 6 7 |  7.2
Spellcasting   | 3 |  3.0
Fighting       | 3 4 6 |  6.5
Invocations    | 2 6 |  6.0

Action                   |  1- 3 |  4- 6 |  7- 9 | 10-12 || total
-------------------------+-------+-------+-------+-------++-------
Melee: Spear             |   127 |   161 |       |       ||   288
       Trident           |       |   161 |   574 |   148 ||   883
 Cast: Infusion          |    14 |    18 |    23 |    11 ||    66
Evoke: Deck              |       |       |    17 |     2 ||    19
       Wand              |       |       |     2 |     1 ||     3
  Use: Scroll            |       |     5 |    10 |     7 ||    22
       Potion            |       |       |     2 |     4 ||     6
 Stab: Sleeping          |       |     2 |     1 |     1 ||     4
       Distracted        |       |       |     1 |       ||     1
       Petrifying        |       |       |     2 |       ||     2
       Invisible         |       |       |       |     5 ||     5
  Eat: Chunk             |     2 |     8 |    11 |     4 ||    25
       Royal jelly       |       |     1 |       |     1 ||     2
       Bread ration      |       |       |     2 |       ||     2
Armor: Leather armour    |    31 |   109 |   194 |    59 ||   393
       Skin              |       |       |       |    20 ||    20
Dodge: Dodged            |    73 |   181 |   374 |   140 ||   768
Block: Other             |       |       |    27 |    13 ||    40
       Reflection        |       |       |     1 |       ||     1

Table legend:
 A = Spawn XP
 B = Non-spawn XP
 C = Spawn XP percentage of total XP
 D = Spawn monster count
 E = Non-spawn monster count
 F = Spawn count percentage of total count
 G = Total turns spent on level
                    A         B        C        D         E        F      G
               +---------+---------+-------+---------+---------+-------+---------
         Total |       0 |    7920 |   0.0 |       0 |     198 |   0.0 | 11299
               +---------+---------+-------+---------+---------+-------+---------
           D:1 |       0 |      41 |   0.0 |       0 |      24 |   0.0 |   955
           D:2 |       0 |     105 |   0.0 |       0 |      18 |   0.0 |  1352
           D:3 |       0 |     212 |   0.0 |       0 |      38 |   0.0 |  1855
           D:4 |       0 |     612 |   0.0 |       0 |      22 |   0.0 |  1275
           D:5 |       0 |     476 |   0.0 |       0 |      17 |   0.0 |   720
           D:6 |       0 |     515 |   0.0 |       0 |      14 |   0.0 |  1100
           D:7 |       0 |     809 |   0.0 |       0 |      14 |   0.0 |  1334
           D:8 |       0 |    3353 |   0.0 |       0 |      30 |   0.0 |  1348
           D:9 |       0 |    1547 |   0.0 |       0 |      20 |   0.0 |  1179
        Lair:1 |       0 |     250 |   0.0 |       0 |       1 |   0.0 |   133
               +---------+---------+-------+---------+---------+-------+---------
